 Dungeon Crawl Stone Soup version 0.23.2-33-g5129a83184 (webtiles) character file.

Game seed: 2795483952242539788

91 Derp the Chopper (level 4, 0/36 HPs)
             Began as a Demonspawn Berserker on July 15, 2019.
             Was a Believer of Trog.
             Slain by a gnoll
             ... wielding a +0 flail
              (10 damage)
             ... on level 2 of the Dungeon.
             The game lasted 00:03:05 (1957 turns).

Derp the Chopper (Demonspawn Berserker)             Turns: 1957, Time: 00:03:06

Health: 0/36       AC:  4    Str: 18    XL:     4   Next: 34%
Magic:  4/4        EV: 12    Int:  8    God:    Trog [**....]
Gold:   98         SH:  0    Dex: 13    Spells: 3/3 levels left

rFire    . . .     SeeInvis .   a - +0 hand axe
rCold    . . .     Gourm    .   (no shield)
rNeg     . . .     Faith    .   b - +0 animal skin
rPois    .         Spirit   .   (no helmet)
rElec    .         Reflect  .   (no cloak)
rCorr    .         Harm     .   (no gloves)
MR       .....                  (no boots)
Stlth    +.........             (no amulet)
HPRegen  0.12/turn              (no ring)
MPRegen  0.09/turn              (no ring)

@: no status effects
A: talons 1, iridescent scales 1
a: Berserk, Trog's Hand, Renounce Religion


You were on level 2 of the Dungeon.
You worshipped Trog.
Trog was pleased with you.
You were not hungry.

You visited 1 branch of the dungeon, and saw 2 of its levels.

You collected 98 gold pieces.

Inventory:

Hand Weapons
 a - a +0 hand axe (weapon)
Armour
 b - a +0 animal skin (worn)
Jewellery
 d - an uncursed ring of magical power {unknown}
Scrolls
 g - 2 scrolls of enchant weapon {unknown}
 h - a scroll of blinking {unknown}
 j - a scroll of teleportation {unknown}
Potions
 e - a potion of haste {unknown}
 f - a potion of ambrosia {unknown}
Comestibles
 c - 2 rations


   Skills:
 + Level 3.6 Fighting
 + Level 4.0 Axes
 + Level 2.0 Armour
 + Level 2.0 Dodging
 + Level 0.4 Stealth


You had 3 spell levels left.
You didn't know any spells.
Your spell library was empty.

Dungeon Overview and Level Annotations

Branches:
Dungeon (2/15)

Altars:


Innate Abilities, Weirdness & Mutations

You have sharp toenails.
You are partially covered in iridescent scales. (AC +2)


Message History

The gnoll is lightly wounded.
The gnoll closely misses you.
You barely miss the gnoll. You claw the gnoll.
The gnoll is heavily wounded.
The gnoll hits you with a +0 spear.
You hit the gnoll but do no damage. Your kick misses the gnoll.
The gnoll is heavily wounded.
The gnoll hits you with a +0 spear.
You hit the gnoll.
The gnoll is almost dead.
The gnoll hits you with a +0 spear.
* * * LOW HITPOINT WARNING * * *
You hit the gnoll. You claw the gnoll.
You kill the gnoll!
Trog accepts your kill.
Your Axes skill increases to level 4!
You hit the gnoll.
The gnoll is lightly wounded.
The gnoll hits you with a +0 flail!
You die...

#.#....)..........#
####.##.###########..#
.....##.# #######.# #.#
### #.# ##.##
#######.###.).## ###
........##.....####.....
#########.......@g..#
##.....###### ######
##...## .(รท).# ##.##
####.# #.# #.# #.# #.#
#.# #.# #.# #.#######.#


You could see a gnoll.

Vanquished Creatures
  3 gnolls (D:2)
  2 adders (D:2)
  An ooze (D:2)
  2 dart slugs (D:1)
  A bat (D:1)
  A giant cockroach (D:1)
  4 goblins
  4 hobgoblins
  4 jackals (D:2)
  4 frilled lizards
  9 kobolds
  5 rats
40 creatures vanquished.

Notes
Turn   | Place    | Note
-------+----------+-------------------------------------------
     0 | D:1      | Derp the Demonspawn Berserker began the quest for the Orb.
     0 | D:1      | Reached XP level 1. HP: 18/18 MP: 1/1
   173 | D:1      | Gained mutation: You are partially covered in iridescent
                  | scales. (AC +2) [demonic ancestry]
   173 | D:1      | Reached XP level 2. HP: 19/24 MP: 2/2
   556 | D:1      | Reached skill level 3 in Axes
  1158 | D:2      | Gained mutation: You have sharp toenails. [demonic
                  | ancestry]
  1158 | D:2      | Reached XP level 3. HP: 11/29 MP: 3/3
  1509 | D:2      | Reached ** piety under Trog
  1945 | D:2      | Reached XP level 4. HP: 27/35 MP: 4/4
  1956 | D:2      | Reached skill level 4 in Axes
  1957 | D:2      | Slain by a gnoll

Skill      XL: |  1  2  3  4 |
---------------+-------------+-----
Axes           | 3 4 |  4.0
Armour         | 2 |  2.0
Dodging        | 2 |  2.0
Fighting       | |  3.6
Stealth        | |  0.4

Action                   |  1- 3 |  4- 6 || total
-------------------------+-------+-------++-------
Melee: Hand axe          |   106 |    11 ||   117
       Kick              |    11 |     3 ||    14
Invok: Trog's Hand       |     1 |       ||     1
 Stab: Sleeping          |     1 |       ||     1
  Eat: Chunk             |     4 |       ||     4
Armor: Animal skin       |    23 |     1 ||    24
Dodge: Dodged            |    92 |     5 ||    97
